 Dungeon Crawl Stone Soup version 0.31-a0-150-g89dc3ad700 (webtiles) character file.

Game seed: 10995596442184934889

368 qw the Shooter (level 6, -5/40 HPs)
             Began as a Gargoyle Hunter on June 8, 2023.
             Slain by a gnoll
             ... wielding a +2 whip of holy wrath
             ... led by a gnoll bouda
              (7 damage)
             ... on level 5 of the Dungeon.
             The game lasted 00:01:16 (3101 turns).

qw the Shooter (Gargoyle Hunter)                    Turns: 3101, Time: 00:01:16

Health: -5/40      AC:  9    Str: 15    XL:     6   Next: 69%
Magic:  6/6        EV: 11    Int:  9    God:
Gold:   35         SH:  0    Dex: 15    Spells: 5/5 levels left

rFire   + . .        Y - +1 shortbow (heavy)
rCold   + . .        (shield currently unavailable)
rNeg    + . .        c - +0 leather armour
rPois   inf          j - +0 helmet
rElec   +            m - scarf {rC+ rF+}
rCorr   .            (no gloves)
SInv    .            n - +0 pair of boots {rampage}
Will    .....        (no amulet)
Stlth   ++           (no ring)
HPRegen 0.26/turn    (no ring)
MPRegen 0.10/turn

%: rampage
@: about to teleport, weakened
A: sickness immunity, AC +4, negative energy resistance 1, electricity
resistance, torment resistance 1, petrification resistance, talons 1, high MP 1
a: no special abilities


You were on level 5 of the Dungeon.
You visited 1 branch of the dungeon, and saw 5 of its levels.
You also visited: Sewer.

You collected 223 gold pieces.
You spent 188 gold pieces at shops.


Innate Abilities, Weirdness & Mutations

You are immune to sickness and miasma.
Your stone body is resilient. (AC +4)
You are immune to poison.
You resist negative energy. (rN+)
You are resistant to electric shocks. (rElec)
You are resistant to unholy torment.
You are immune to petrification.
You have sharp toenails.
You have an increased reservoir of magic. (+10% MP)


   Skills:
 - Level 4.9 Fighting
 + Level 6.5 Ranged Weapons
 - Level 1.0 Armour
 - Level 1.5 Dodging
 - Level 1.1 Stealth


You had 5 spell levels left.
You didn't know any spells.
Your spell library was empty.

Inventory:

Hand Weapons
 Y - a +1 heavy shortbow (weapon)
Armour
 c - a +0 leather armour (worn)
 j - a +0 helmet (worn)
 l - a +0 cloak
 m - a scarf of resistance (worn)
 n - a +0 pair of boots of rampaging (worn)
Scrolls
 a - a scroll of teleportation
 e - a scroll of identify
Potions
 b - a potion of enlightenment {unknown}
 d - 2 potions of mutation
 f - a potion of might
 g - a potion of resistance {unknown}
 i - 7 potions of curing
 k - a potion of invisibility {unknown}

Dungeon Overview and Level Annotations

Branches:
Dungeon (5/15)              Sewer (visited)
 Temple: D:4-7

Altars:

Shops:
D:4 [*


Message History

You kill the gnoll!
The gnoll misses you. x2
An orc comes into view. It is wielding a +0 short sword.
You shoot an arrow. The arrow closely misses the gnoll.
The arrow barely misses the gnoll.
The gnoll hits you but does no damage. The gnoll misses you.
You shoot an arrow. The arrow hits the gnoll!
You kill the gnoll!
The gnoll hits you from afar with a +0 halberd. x2
A jelly comes into view.
The gnoll completely misses you.
The gnoll hits you from afar with a +0 halberd.
You shoot an arrow. The jelly quivers.
The arrow hits the gnoll bouda!
The gnoll bouda is severely wounded.
The gnoll misses you.
The gnoll hits you from afar with a +0 halberd.
The gnoll bouda gazes fiercely through you!
You feel your attacks grow feeble.
The gnoll bouda hits you with a +0 club.
The gnoll hits you but does no damage.
The gnoll hits you from afar with a +0 halberd.
You shoot an arrow. The arrow hits the gnoll bouda!
You kill the gnoll bouda!
The gnoll hits you from afar with a +0 halberd.
The gnoll hits you with a +2 whip of holy wrath.
The gnoll completely misses you. The gnoll misses you.
The orc barely misses you.
3100 ||| READING 2 scrolls of teleportation.
As you read the scroll of teleportation, it crumbles to dust.
You feel strangely unstable.
The gnoll hits you but does no damage. x2; The gnoll barely misses you.
The orc hits you with a +0 short sword.
You shoot an arrow.
The arrow hits the gnoll but does no damage.
The gnoll barely misses you. The gnoll hits you but does no damage.
The gnoll misses you. The orc closely misses you.
The gnoll hits you with a +2 whip of holy wrath!
You die...

########.
##........
..........
.........
.........
#........
##.Jg.....
#.@o).....
#.g.%.....
#...g.....
#.#####... #.#
.. #.# . #.#
#.#
####.##########


You could see a jelly, 3 gnolls and an orc.

Vanquished Creatures
  A black bear (D:4)
  A gnoll bouda (D:5)
  An iguana (D:5)
  Robin (D:3)
  3 gnolls (D:5)
  7 adders
  A river rat (Sewer)
  4 worms
  2 dart slugs
  8 ball pythons
  9 endoplasms
  2 giant cockroaches
  20 goblins
  8 hobgoblins
  6 kobolds
  4 quokkas
  5 bats
  15 frilled lizards
  10 rats
108 creatures vanquished.

Notes
Turn   | Place    | Note
-------+----------+-------------------------------------------
     0 | D:1      | qw the Gargoyle Hunter began the quest for the Orb.
     0 | D:1      | Reached XP level 1. HP: 12/12 MP: 1/1
     0 | D:1      | 0 ||| qw: Version: 0.2-a-120-gdf1a93b
     0 | D:1      | 0 ||| qw: Game counter: 2948
     0 | D:1      | 0 ||| qw: Always use a shield: true
     0 | D:1      | 0 ||| qw: God list: Okawaru
     0 | D:1      | 0 ||| qw: Allow faded altars: false
     0 | D:1      | 0 ||| qw: Do Orc after D:15 true
     0 | D:1      | 0 ||| qw: Do second Lair branch before Depths: true
     0 | D:1      | 0 ||| qw: Lair rune preference: random
     0 | D:1      | 0 ||| qw: Plans: Normal
     0 | D:1      | 0 ||| PLANNING D:1-11
    79 | D:1      | Reached XP level 2. HP: 17/17 MP: 2/2
   273 | D:1      | Reached XP level 3. HP: 21/21 MP: 3/3
   279 | D:1      | Reached skill level 5 in Ranged Weapons
   414 | D:1      | 414 ||| READING scroll labelled LUCWYJ NIDATY.
   515 | D:1      | 515 ||| READING scroll labelled ZOCYGUU AROINK.
   516 | D:1      | 516 ||| READING scroll labelled ZAIFEEROUPS.
   521 | D:1      | 521 ||| DRINKING 3 amethyst potions.
   521 | D:1      | Gained mutation: You have sharp toenails. [potion of
                  | mutation]
   521 | D:1      | Gained mutation: You have an increased reservoir of magic.
                  | (+10% MP) [potion of mutation]
   522 | D:1      | 522 ||| DRINKING 2 sapphire potions.
   523 | D:1      | 523 ||| DROPPING scroll of butterflies.
   643 | D:2      | Reached skill level 3 in Fighting
   649 | D:2      | Reached XP level 4. HP: 28/28 MP: 4/4
  1123 | D:2      | 1123 ||| READING scroll labelled YMYREIMEOG.
  1124 | D:2      | 1124 ||| DRINKING 2 lumpy red potions.
  1216 | D:3      | Noticed Robin
  1226 | D:3      | Reached XP level 5. HP: 26/32 MP: 5/5
  1235 | D:3      | Killed Robin
  1235 | D:3      | HP: 7/32 [hobgoblin[Robin] (3)]
  1236 | D:3      | 1236 ||| DRINKING potion of heal wounds.
  1248 | D:3      | HP: 6/32 [hobgoblin[Robin] (3)]
  1252 | D:3      | Reached skill level 6 in Ranged Weapons
  1495 | D:3      | Identified the +7 falchion of Embarrassment {elec, Will+
                  | Int+3}
  1554 | D:3      | 1554 ||| UPGRADING to +0 helmet.
  1559 | D:3      | 1559 ||| UPGRADING to scarf of resistance.
  1564 | D:3      | 1564 ||| DROPPING ring of magical power.
  1565 | D:3      | 1565 ||| READING 2 scrolls labelled HYRAYNK SEDY.
  1566 | D:3      | 1566 ||| READING scroll labelled AGADOSTRAONK.
  1567 | D:3      | 1567 ||| READING scroll labelled LUSTRU FYHIF.
  1568 | D:3      | 1568 ||| DROPPING scroll of fog.
  1586 | D:4      | 1586 ||| PLANNING SEWER
  1696 | D:4      | Found a glowing drain.
  1699 | D:4      | 1699 ||| Stepping ~*~*~tactically~*~*~ (water).
  1702 | D:4      | 1702 ||| Stepping ~*~*~tactically~*~*~ (water).
  1704 | D:4      | 1704 ||| Stepping ~*~*~tactically~*~*~ (water).
  1714 | Sewer    | Entered a sewer
  1732 | Sewer    | 1732 ||| Stepping ~*~*~tactically~*~*~ (water).
  1734 | Sewer    | Reached skill level 1 in Armour
  1735 | Sewer    | 1735 ||| Stepping ~*~*~tactically~*~*~ (water).
  1737 | Sewer    | 1737 ||| Stepping ~*~*~tactically~*~*~ (water).
  2016 | Sewer    | 2016 ||| READING scroll labelled HUMABU ZAEVVOL.
  2017 | Sewer    | 2017 ||| DRINKING 2 cyan potions.
  2018 | Sewer    | 2018 ||| DROPPING potion of magic.
  2064 | D:4      | 2064 ||| PLANNING D:1-11
  2303 | D:4      | Noticed a black bear
  2307 | D:4      | Killed a black bear
  2308 | D:4      | Reached XP level 6. HP: 40/40 MP: 6/6
  2408 | D:4      | Found Tibati's Antique Armour Shoppe.
  2413 | D:4      | 2413 ||| BUYING pair of runed boots (165 gold).
  2413 | D:4      | Bought a pair of runed boots for 165 gold pieces
  2413 | D:4      | 2413 ||| SHOPLISTING ring mail (88 gold, have 17).
  2435 | D:4      | Found Iracumum's Assorted Antiques.
  2440 | D:4      | 2440 ||| SHOPLISTING runed ring mail (161 gold, have 29).
  2440 | D:4      | 2440 ||| BUYING scroll labelled HUROKA YNNIUXICK (23 gold).
  2440 | D:4      | Bought a scroll labelled HUROKA YNNIUXICK for 23 gold
                  | pieces
  2440 | D:4      | 2440 ||| SHOPLISTING scroll labelled PEHOEDWIFEU (23 gold,
                  | have 6).
  2440 | D:4      | 2440 ||| SHOPLISTING scroll of enchant weapon (172 gold,
                  | have 6).
  2440 | D:4      | 2440 ||| SHOPLISTING scroll of teleportation (69 gold, have
                  | 6).
  2777 | D:4      | 2777 ||| UPGRADING to +0 pair of boots of rampaging.
  2782 | D:4      | 2782 ||| READING scroll labelled HUROKA YNNIUXICK.
  2810 | D:4      | 2810 ||| DRINKING 2 fuming white potions.
  2915 | D:4      | 2915 ||| READING 3 scrolls of identify.
  2915 | D:4      | 2915 ||| IDENTIFYING white potion
  2916 | D:4      | 2916 ||| READING 2 scrolls of identify.
  2916 | D:4      | 2916 ||| IDENTIFYING smoky purple potion
  2917 | D:4      | 2917 ||| DROPPING potion of attraction.
  2918 | D:4      | 2918 ||| DROPPING potion of berserk rage.
  2978 | D:5      | Entered Level 5 of the Dungeon
  3099 | D:5      | HP: 6/40 [gnoll/+0 halberd[a gnoll bouda] (5)]
  3100 | D:5      | 3100 ||| READING 2 scrolls of teleportation.
  3100 | D:5      | HP: 1/40 [orc/+0 short sword (2)]
  3101 | D:5      | Slain by a gnoll

Levels and vault maps discovered:
D:1:      wander_arrival_estate, layout_basic, minmay_tripent
D:2:      layout_basic
D:3:      layout_basic, guppyfry_early_lair_pool, uniq_robin
D:4:      layout_basic, serial_shops, nicolae_shop_trees, shop,
          cheibrodos_sewer_entry_bend
D:5:      layout_basic, ashenzari_conservatory_becter

Skill      XL: |  1  2  3  4  5 |
---------------+----------------+-----
Ranged Weapons | 5 6 |  6.5
Fighting       | 3 4 |  4.9
Armour         | 1 |  1.0
Dodging        | |  1.5
Stealth        | |  1.1

Action                     |  1- 3 |  4- 6 || total
---------------------------+-------+-------++-------
   Fire: Shortbow          |    86 |   181 ||   267
    Use: Scroll            |     3 |     9 ||    12
         Potion            |     2 |     4 ||     6
 Armour: Leather armour    |     8 |    72 ||    80
  Dodge: Dodged            |    14 |   100 ||   114

Table legend:
 A = Non-vault XP
 B = Vault XP
 C = Vault XP percentage of total XP
 D = Non-vault monster count
 E = Vault monster count
 F = Vault count percentage of total count
                 A         B        C        D         E       F
            +---------+---------+-------+---------+---------+-------
      Total |     446 |      81 |  15.4 |      80 |      28 |  25.9
            +---------+---------+-------+---------+---------+-------
        D:1 |      44 |       2 |   4.3 |      26 |       2 |   7.1
        D:2 |      90 |       0 |   0.0 |      24 |       0 |   0.0
        D:3 |      37 |      38 |  50.7 |      13 |      13 |  50.0
        D:4 |     155 |       5 |   3.1 |      12 |       1 |   7.7
        D:5 |     120 |       0 |   0.0 |       5 |       0 |   0.0
      Sewer |       0 |      36 | 100.0 |       0 |      12 | 100.0
            +---------+---------+-------+---------+---------+-------
